 Dungeon Crawl Stone Soup version 0.28-a0-796-gd4f0d3f9b2 (webtiles) character file.

Game seed: 14867290125060749260

196 Decritt the Gusty (level 5, -4/32 HPs)
             Began as a Tengu Air Elementalist on Nov 6, 2021.
             Slain by Natasha (7 damage)
             ... on level 3 of the Dungeon.
             The game lasted 00:16:49 (3158 turns).

Decritt the Gusty (Tengu Air Elementalist)          Turns: 3158, Time: 00:16:50

Health: -4/32      AC:  6    Str:  8    XL:     5   Next: 74%
Magic:  5/10       EV: 14    Int: 17    God:
Gold:   62         SH:  0    Dex: 14    Spells: 9/10 levels left

rFire   . . .      SeeInvis .   e - +0 rapier
rCold   . . .      Faith    .   (no shield)
rNeg    . . .      Spirit   .   l - +0 leather armour
rPois   .          Reflect  .   g - +2 hat
rElec   .          Harm     .   f - +0 cloak
rCorr   +          Rampage  .   (no gloves)
Will    .....                   (boots unavailable)
Stlth   ++........              (no amulet)
HPRegen 0.10/turn               j - ring of resist corrosion
MPRegen 0.12/turn               (no ring)

@: about to teleport, flying quickly and evasively, slowed, very slow
A: beak, talons 3, nimble flight
a: no special abilities


You were on level 3 of the Dungeon.
You visited 1 branch of the dungeon, and saw 3 of its levels.

You collected 62 gold pieces.

Inventory:

Hand Weapons
 e - a +0 rapier (weapon)
Armour
 a - a +0 robe
 f - a +0 cloak (worn)
 g - a +2 hat (worn)
 l - a +0 leather armour (worn)
Jewellery
 j - a ring of resist corrosion (left hand)
Scrolls
 b - a scroll of identify {unknown}
 c - a scroll of noise {unknown}
Potions
 d - a potion of might {unknown}
 h - a potion of degeneration {unknown}
 i - 2 potions of curing {unknown}
 k - a potion of flight {unknown}


   Skills:
 + Level 3.2 Fighting
 - Level 2.1 Dodging
 - Level 2.0 Stealth
 - Level 3.1 Spellcasting
 - Level 3.0 Conjurations
 * Level 5.0 Air Magic


You had 9 spell levels left.
You knew the following spells:

 Your Spells              Type           Power      Damage    Failure   Level
a - Shock                 Conj/Air       64%        1d7       4%          1

Your spell library contained the following spells:

 Spells                   Type           Power      Damage    Failure   Level
 Static Discharge         Conj/Air       16%        N/A       7%          2
 Swiftness                Air            19%        N/A       10%         3
 Airstrike                Air            9%         N/A       32%         4
 Ensorcelled Hibernation  Hex/Ice        4%         N/A       36%         2
 Spider Form              Tmut/Pois      2%         N/A       58%         3
 Tukima's Dance           Hex            2%         N/A       58%         3


Dungeon Overview and Level Annotations

Branches:
Dungeon (3/15)

Altars:
Makhleb
Xom
Yredelemnul

Annotations:
D:3 Natasha


Innate Abilities, Weirdness & Mutations

You have a beak for a mouth.
You have claws for feet.
Your magical nature lets you fly swiftly and evasively.


Message History

Natasha is healed!
You hit Natasha but do no damage. Natasha closely misses you.
Natasha barely misses you.
You closely miss Natasha. You claw Natasha.
Natasha is moderately wounded.
Natasha claws you but does no damage. Natasha claws you.
You closely miss Natasha.
Natasha is moderately wounded.
Natasha claws you!
* * * LOW HITPOINT WARNING * * *
Natasha closely misses you.
You barely miss Natasha. Your peck misses Natasha.
Natasha is moderately wounded.
Natasha barely misses you. x2
You closely miss Natasha. You peck Natasha, but do no damage.
Natasha is moderately wounded.
Natasha mumbles some strange words.
Natasha glows brightly for a moment.
Natasha claws you!
* * * LOW HITPOINT WARNING * * *
Casting: Shock (safe; 4% risk of failure)
Confirm with . or Enter, or press ? or * to list all spells.
Aiming: Shock (safe; 4% risk of failure)
Press: ? - help, Shift-Dir - straight line, f/p - Natasha
Aim: Natasha (moderately wounded, 64% to hit)
The zap hits Natasha.
Natasha is heavily wounded.
Natasha barely misses you. Natasha claws you.
* * * LOW HITPOINT WARNING * * *
As you read the scroll of teleportation, it crumbles to dust.
You feel strangely unstable. Natasha claws you but does no damage.
Your magical contamination has completely faded away.
Natasha claws you.
* * * LOW HITPOINT WARNING * * *
Natasha extends her claws.
Your surroundings seem slightly different.
Natasha casts a spell.
As you read the scroll of teleportation, it crumbles to dust.
You feel strangely unstable. Natasha claws you!
You die...

####...........## ...#
#....).#.>......##....#
..####...........#....#
### ##...............#
#...............#
#...........!...#
#...............#
#####........h......#
..........ยง.5.@#....#
######........######
###..........#
####............#
#....#..........#
#.####..........# ###.#
#..........# ....#
##........## #####
##......#


You could see Natasha and a shadow imp (summoned).

Vanquished Creatures
  A crimson imp (D:3)
  4 gnolls
  6 adders
  A dart slug (D:1)
  An orc (D:3)
  9 ball pythons
  2 bats (D:2)
  9 endoplasms
  2 giant cockroaches
  6 goblins
  5 hobgoblins
  6 quokkas
  3 frilled lizards (D:1)
  A goblin skeleton (D:3)
  3 kobolds
  A kobold skeleton (D:3)
  6 rats
66 creatures vanquished.

Vanquished Creatures (others)
  A human (D:3)
  A ball python (D:3)
2 creatures vanquished.

Grand Total: 68 creatures vanquished

Notes
Turn   | Place    | Note
-------+----------+-------------------------------------------
     0 | D:1      | Decritt the Tengu Air Elementalist began the quest for the
                  | Orb.
     0 | D:1      | Reached XP level 1. HP: 10/10 MP: 4/4
   261 | D:1      | Reached XP level 2. HP: 16/16 MP: 4/6
   314 | D:1      | Reached skill level 1 in Fighting
   690 | D:1      | Found a faded altar of an unknown god.
   767 | D:1      | Reached XP level 3. HP: 20/20 MP: 2/7
  1454 | D:2      | Reached XP level 4. HP: 22/26 MP: 0/8
  2190 | D:1      | Gained mutation: Your magical nature lets you fly swiftly
                  | and evasively. [Tengu growth]
  2190 | D:1      | Reached XP level 5. HP: 25/31 MP: 6/10
  2672 | D:3      | Found a runed translucent door.
  2675 | D:3      | Noticed a human
  2677 | D:3      | Found a basalt altar of Yredelemnul.
  2757 | D:3      | Found a shimmering altar of Xom.
  2757 | D:3      | Found a burning altar of Makhleb.
  2861 | D:3      | Killed a human
  3099 | D:3      | Reached skill level 5 in Air Magic
  3140 | D:3      | Noticed Natasha
  3158 | D:3      | Slain by Natasha

Illustrated notes

Levels and vault maps discovered:
D:1:      onia_arrival_pyramid, layout_basic,
          dreamdust_ecumenical_altar_angels_and_demons
D:2:      layout_basic
D:3:      layout_rooms, grunt_temple_overflow_champion_of_chaos,
          dk_yredelemnul_ordeal, uniq_natasha

Skill      XL: |  1  2  3  4  5 |
---------------+----------------+-----
Fighting       | 1 2 3 |  3.2
Conjurations   | 2 3 |  3.0
Spellcasting   | 3 |  3.1
Air Magic      | 5 |  5.0
Dodging        | |  2.1
Stealth        | |  2.0

Action                   |  1- 3 |  4- 6 || total
-------------------------+-------+-------++-------
Melee: Club              |     6 |       ||     6
       Rapier            |    16 |    25 ||    41
       Peck              |     3 |     3 ||     6
       Kick              |     2 |     4 ||     6
 Cast: Shock             |    70 |    87 ||   157
  Use: Scroll            |       |     3 ||     3
 Stab: Sleeping          |       |     1 ||     1
Armor: Robe              |    11 |     9 ||    20
       Leather armour    |       |     6 ||     6
Dodge: Dodged            |    33 |    54 ||    87

Table legend: (Time is in decaauts)
 A = Elapsed time spent in this place.
 B = Non-inter-level travel time spent in this place.
 C = Inter-level travel time spent in this place.
 D = Time resting spent in this place.
 E = Time spent auto-exploring this place.
 F = Levels seen in this place.
 G = Mean time per level.
                   A        B        C        D        E       F      G
               +--------+--------+--------+--------+--------+-----+--------+
         Total |   3131 |   3090 |     41 |    796 |   1550 |   3 | 1043.7 |
       Dungeon |   3131 |   3090 |     41 |    796 |   1550 |   3 | 1043.7 |
               +--------+--------+--------+--------+--------+-----+--------+

Top non-repeatable levels by time:
     D:1: 1565 daAuts
     D:2: 984 daAuts
     D:3: 581 daAuts
